 Dungeon Crawl Stone Soup version 0.29-a0-344-ge2f44be95a (webtiles) character file.

Game seed: 10823713284862908268

7 NinjaNoafa the Ducker (level 2, -1/24 HPs)
             Began as a Merfolk Monk on Apr 21, 2022.
             Slain by a goblin
             ... wielding a +2 dagger of electrocution
              (3 damage)
             ... on level 1 of the Dungeon.
             The game lasted 00:01:08 (421 turns).

NinjaNoafa the Ducker (Merfolk Monk)                 Turns: 421, Time: 00:01:09

Health: -1/24      AC:  2    Str: 11    XL:     2   Next: 4%
Magic:  11/11      EV: 14    Int:  9    God:
Gold:   32         SH:  0    Dex: 16    Spells: 1/1 levels left

rFire   . . .      SeeInvis .   a - +0 short sword
rCold   . . .      Faith    .   (no shield)
rNeg    . . .      Spirit   .   b - +0 robe
rPois   .          Reflect  .   (no helmet)
rElec   .          Harm     .   (no cloak)
rCorr   .          Rampage  .   (no gloves)
Will    .....                   (no boots)
Stlth   ++........              (no amulet)
HPRegen 0.08/turn               d - ring of magical power
MPRegen 0.12/turn               (no ring)

@: no status effects
A: (nimble swimmer 2), mertail
a: no special abilities


You were on level 1 of the Dungeon.
You visited 1 branch of the dungeon, and saw 1 of its levels.

You collected 32 gold pieces.

Inventory:

Hand Weapons
 a - a +0 short sword (weapon)
Armour
 b - a +0 robe (worn)
Jewellery
 d - a ring of magical power (left hand)
Potions
 c - a potion of ambrosia


   Skills:
 + Level 3.4 Fighting
 + Level 3.8 Short Blades
 + Level 4.2 Dodging
 + Level 2.4 Stealth


You had one spell level left.
You didn't know any spells.
Your spell library contained the following spells:

 Spells                   Type           Power      Damage    Failure   Level
 Scorch                   Fire           0%         2d5       52%         2
 Flame Wave               Conj/Fire      0%         2d4       99%         4
 Summon Cactus Giant      Summ           0%         N/A       100%        6


Dungeon Overview and Level Annotations

Branches:
Dungeon (1/15)

Altars:


Innate Abilities, Weirdness & Mutations

((You are very nimble when in or above water. (Stealth+, EV+, Speed+++)))
Your lower body shifts to a powerful aquatic tail in water.


Message History

The ball python hisses angrily.
You hit the goblin.
You kill the goblin!
The goblin hits you but does no damage. The endoplasm hits you.
You have reached level 2!
Saving game... please wait.
Welcome back, NinjaNoafa the Merfolk Monk.
Press ? for a list of commands and other information.
You barely miss the goblin.
The goblin hits you with a +2 dagger of electrocution.
The endoplasm misses you.
You hit the goblin.
The goblin is moderately wounded.
Okay, then.
You aren't carrying any scrolls.
You barely miss the goblin.
The goblin is moderately wounded.
The goblin hits you with a +2 dagger of electrocution.
The endoplasm hits you.
Sorry, you're not good enough to have a special ability.
You don't know any spells.
You completely miss the goblin.
The goblin is moderately wounded.
The goblin closely misses you. The endoplasm barely misses you.
You closely miss the goblin.
The goblin is moderately wounded.
The goblin hits you with a +2 dagger of electrocution.
The endoplasm freezes you.
You are frozen.
* * * LOW HITPOINT WARNING * * *
The goblin attacks as you move away!
The goblin hits you with a +2 dagger of electrocution.
* * * LOW HITPOINT WARNING * * *
The dart slug launches a dart at you. The slug dart hits you.
* * * LOW HITPOINT WARNING * * *
The goblin attacks as you move away! The goblin barely misses you.
The goblin attacks as you move away!
The goblin hits you with a +2 dagger of electrocution.
You die...

##. .# #... .. #.# ....
#####.###.# ....
.8..∩..8#.# # #......≈
........#.##.# .......≈≈
...........#.### ##...§.≈..
.8..8..♣.......###.....§§§.
......)wS..#...)......≈≈≈≈≈
?.......Jg@.......§§.≈.....
.♣..∩..♣.##....###§.§≈≈...≈
................##!≈≈§≈≈.≈≈
...................§.§.....
.∩..∩..∩........##...#####.
.............)..###.## #.
............>...# #.# #.
♣..8..8........# #.# #.
###.###..........>.# ..


You could see a dart slug, an endoplasm, a goblin and a ball python.

Vanquished Creatures
  An endoplasm (D:1)
  3 goblins (D:1)
  A quokka (D:1)
  2 rats (D:1)
7 creatures vanquished.

Notes
Turn   | Place    | Note
-------+----------+-------------------------------------------
     0 | D:1      | NinjaNoafa the Merfolk Monk began the quest for the Orb.
     0 | D:1      | Reached XP level 1. HP: 18/18 MP: 1/1
   413 | D:1      | Reached XP level 2. HP: 16/24 MP: 2/2
   421 | D:1      | Slain by a goblin

Illustrated notes

Levels and vault maps discovered:
D:1:      onia_arrival_pyramid, layout_loops_ring,
          hellmonk_ecumenical_altar_arch_garden, kennysheep_small_spiral

Action                   || total
-------------------------++-------
Melee: Short sword       ||    31
       Punch             ||     1
Armor: Robe              ||     5
Dodge: Dodged            ||    14

Table legend: (Time is in decaauts)
 A = Elapsed time spent in this place.
 B = Non-inter-level travel time spent in this place.
 C = Inter-level travel time spent in this place.
 D = Time resting spent in this place.
 E = Time spent auto-exploring this place.
 F = Levels seen in this place.
 G = Mean time per level.
                   A        B        C        D        E       F      G
               +--------+--------+--------+--------+--------+-----+--------+
         Total |    417 |    417 |      0 |      0 |    337 |   1 |  417.0 |
       Dungeon |    417 |    417 |      0 |      0 |    337 |   1 |  417.0 |
               +--------+--------+--------+--------+--------+-----+--------+

Top non-repeatable levels by time:
     D:1: 417 daAuts
